 Dungeon Crawl Stone Soup version 0.31-a0-1074-g0b22e4e0f1 (console) character file.

Game seed: 18290805932627906072

1015 jejorda2 the Chopper (level 8, -1/67 HPs)
             Began as a Gnoll Berserker on Dec 2, 2023.
             Was a Believer of Trog.
             Slain by an orc priest
             ... wielding a +0 mace
              (4 damage)
             ... on level 6 of the Dungeon.
             The game lasted 00:05:46 (4216 turns).

jejorda2 the Chopper (Gnoll Berserker)              Turns: 4216, Time: 00:05:46

Health: -1/67      AC:  7    Str: 20    XL:     8   Next: 21%
Magic:  12/12      EV: 11    Int:  6    God:    Trog [**....]
Gold:   308        SH:  0    Dex: 11    Spells: 13/13 levels left

rFire   . . .        a - +0 hand axe
rCold   . . .        (no shield)
rNeg    . . .        o - +0 scale mail
rPois   .            (no helmet)
rElec   .            (no cloak)
rCorr   .            (no gloves)
SInv    .            (no boots)
Will    .....        (no amulet)
Stlth   +            i - ring of flight
HPRegen 0.31/turn    (no ring)
MPRegen 0.13/turn

%: no passive effects
@: on berserk cooldown, flying, slowed, very slow
A: fangs 1, strong nose, distributed training
a: Renounce Religion, Berserk, Trog's Hand


You were on level 6 of the Dungeon.
You worshipped Trog.
Trog was pleased with you.
You visited 1 branch of the dungeon, and saw 6 of its levels.

You collected 308 gold pieces.

Inventory:

Hand Weapons
 a - a +0 hand axe (weapon)
 h - a +0 flail
 w - a +0 quarterstaff
Armour
 o - a +0 scale mail (worn)
 t - a +2 kite shield
Jewellery
 i - a ring of flight (left hand)
 k - a ring of ice
Wands
 m - a wand of quicksilver (7)
 s - a wand of roots (14)
Scrolls
 c - 7 scrolls of identify {unknown}
 f - a scroll of silence {unknown}
 l - a scroll of revelation {unknown}
 p - a scroll of amnesia {unknown}
 x - a scroll of fear {unknown}
Potions
 b - 2 potions of mutation {unknown}
 d - 5 potions of lignification {unknown}
 e - 2 potions of curing {unknown}
 g - a potion of invisibility {unknown}
 j - 2 potions of enlightenment {unknown}
 n - a potion of heal wounds {unknown}
 q - 2 potions of might {unknown}
 r - a potion of attraction {unknown}
 u - a potion of cancellation {unknown}
 v - a potion of degeneration {unknown}


   Skills:
 + Level 7.3 Fighting
 + Level 3.1 Short Blades
 + Level 3.1 Long Blades
 + Level 7.3 Axes
 + Level 3.1 Maces & Flails
 + Level 3.1 Polearms
 + Level 3.1 Staves
 + Level 3.1 Ranged Weapons
 + Level 3.1 Throwing
 + Level 5.6 Armour
 + Level 5.6 Dodging
 + Level 3.1 Stealth
 + Level 3.1 Shields
 + Level 3.1 Unarmed Combat
 + Level 3.1 Spellcasting
 + Level 2.5 Conjurations
 + Level 2.5 Hexes
 + Level 2.5 Summonings
 + Level 2.5 Necromancy
 + Level 2.5 Translocations
 + Level 2.5 Transmutations
 + Level 2.5 Fire Magic
 + Level 2.5 Ice Magic
 + Level 2.5 Air Magic
 + Level 2.5 Earth Magic
 + Level 2.5 Poison Magic
 + Level 3.4 Invocations
 + Level 3.1 Evocations
 + Level 2.8 Shapeshifting


You had 13 spell levels left.
You didn't know any spells.
Your spell library was empty.

Dungeon Overview and Level Annotations

Branches:
Dungeon (6/15)             Temple (0/1) D:5

Altars:
Ashenzari
Dithmenos
Gozag
Hepliaklqana
Nemelex Xobeh
Trog
Xom


Innate Abilities, Weirdness & Mutations

You have very sharp teeth.
Your uncanny sense of smell can sniff out nearby items.
Your experience applies equally to all skills.


Message History

You closely miss the orc warrior.
The orc warrior is moderately wounded.
The orc warrior misses you.
You slash the orc warrior!
The orc warrior is heavily wounded.
The orc priest looks satisfied for a moment.
You hit the orc warrior but do no damage.
You bite the orc warrior.
The orc warrior is severely wounded.
The orc priest mumbles some strange prayers to Beogh against you.
Beogh smites you!
The orc warrior hits you with a +0 hand axe.
* * * LOW HITPOINT WARNING * * *
The orc priest invokes the aid of Beogh against you.
Beogh smites you!
* * * LOW HITPOINT WARNING * * *
Unknown command.
You slash the orc warrior!
You kill the orc warrior!
Trog accepts your kill.
The orc priest miscasts a cantrip.
The orc priest casts a cantrip, but nothing happens.
Items here: ) [ †.
You slash the orc priest!
The orc priest is heavily wounded.
The orc priest invokes the aid of Beogh against you.
Beogh smites you!
* * * LOW HITPOINT WARNING * * *
The orc priest miscasts a cantrip.
You slash the orc priest!
You kill the orc priest!
Trog accepts your kill.
You slash the orc!
You kill the orc!
Trog accepts your kill.
You are no longer berserk.
You are exhausted.
You feel yourself slow down. The orc priest hits you with a +0 mace.
You die...

######.#.# #.# ∆ #.#.#
. #.# #.#.# .o #.#
#.#.# ... # #.# #.#.#
#.#.#.#.# #.#.#
......#.# #.#.#
........############.#
#..o.o@).........#
#.################ #


You could see an orc priest and an orc.

Vanquished Creatures
  An orc warrior (D:6)
  A black bear (D:5)
  2 ogres (D:5)
  2 scorpions (D:4)
  2 howler monkeys
  3 orc priests
  2 jellies
  2 iguanas (D:4)
  2 orc wizards
  3 gnolls (D:5)
  11 adders
  A white imp (D:6)
  2 ufetubi (D:5)
  2 worms
  2 dart slugs
  6 orcs
  6 endoplasms
  2 giant cockroaches (D:1)
  6 goblins
  3 hobgoblins
  3 kobolds
  3 quokkas
  4 ball pythons
  2 bats
  3 frilled lizards
  4 rats
80 creatures vanquished.

Notes
Turn   | Place    | Note
-------+----------+-------------------------------------------
     0 | D:1      | jejorda2 the Gnoll Berserker began the quest for the Orb.
     0 | D:1      | Reached XP level 1. HP: 23/23 MP: 1/1
   190 | D:1      | Reached XP level 2. HP: 29/29 MP: 2/2
   726 | D:2      | Reached XP level 3. HP: 13/35 MP: 3/3
   829 | D:2      | Reached ** piety under Trog
   882 | D:2      | Reached skill level 1 in Invocations
  1047 | D:2      | Found a faded altar of an unknown god.
  1448 | D:2      | Reached skill level 1 in Short Blades
  1448 | D:2      | Reached skill level 1 in Long Blades
  1448 | D:2      | Reached skill level 1 in Maces & Flails
  1448 | D:2      | Reached skill level 1 in Polearms
  1448 | D:2      | Reached skill level 1 in Staves
  1448 | D:2      | Reached skill level 1 in Ranged Weapons
  1448 | D:2      | Reached skill level 1 in Throwing
  1448 | D:2      | Reached skill level 1 in Stealth
  1448 | D:2      | Reached skill level 1 in Shields
  1448 | D:2      | Reached skill level 1 in Unarmed Combat
  1448 | D:2      | Reached skill level 1 in Spellcasting
  1448 | D:2      | Reached skill level 1 in Evocations
  1594 | D:3      | Reached skill level 1 in Conjurations
  1594 | D:3      | Reached skill level 1 in Hexes
  1594 | D:3      | Reached skill level 1 in Summonings
  1594 | D:3      | Reached skill level 1 in Necromancy
  1594 | D:3      | Reached skill level 1 in Translocations
  1594 | D:3      | Reached skill level 1 in Transmutations
  1594 | D:3      | Reached skill level 1 in Fire Magic
  1594 | D:3      | Reached skill level 1 in Ice Magic
  1594 | D:3      | Reached skill level 1 in Air Magic
  1594 | D:3      | Reached skill level 1 in Earth Magic
  1594 | D:3      | Reached skill level 1 in Poison Magic
  1594 | D:3      | Reached skill level 1 in Shapeshifting
  1594 | D:3      | Reached XP level 4. HP: 41/41 MP: 5/5
  1641 | D:3      | Found a sparkling altar of Nemelex Xobeh.
  2029 | D:3      | Found a shimmering altar of Xom.
  2145 | D:4      | Reached XP level 5. HP: 44/47 MP: 5/7
  2291 | D:4      | Found a broken altar of Ashenzari.
  2465 | D:4      | Reached XP level 6. HP: 53/53 MP: 8/8
  2650 | D:4      | Reached skill level 5 in Armour
  2650 | D:4      | Reached skill level 5 in Dodging
  3059 | D:5      | Entered Level 5 of the Dungeon
  3082 | D:5      | Found a hazy altar of Hepliaklqana.
  3201 | D:5      | Reached XP level 7. HP: 60/60 MP: 10/10
  3295 | D:5      | Found a staircase to the Ecumenical Temple.
  3436 | D:5      | Found an opulent altar of Gozag.
  3525 | D:5      | Found a bloodstained altar of Trog.
  3593 | D:5      | Found a shadowy altar of Dithmenos.
  3716 | D:5      | Reached XP level 8. HP: 65/67 MP: 12/12
  4213 | D:6      | HP: 4/100 [orc priest/divine providence (14)]
  4216 | D:6      | Slain by an orc priest

Illustrated notes

Levels and vault maps discovered:
D:1:      ebering_trefoil_twist, layout_rooms, grunt_decor_one_mirror,
          minmay_misc_feat_enclosed, minmay_misc_feat_roman,
          minmay_tiny_reverse_x
D:2:      layout_loops_ring, serial_glass, glass_columns_a, glass_columns_a,
          shapermc_ecumenical_altar_petra, chequers_serial_rivers_small_3,
          columned_hall_lemuel
D:3:      layout_basic, mainiacjoe_overflow_tiny_flanked,
          overflow_temple_1_default, hangedman_abyss_or_decor_lesser_grid,
          minmay_crystal_room
D:4:      layout_rooms, ashenzari_conservatory_becter, dk_vineyard_2,
          grunt_ministairs_4
D:5:      layout_basic, mainiacjoe_overflow_concentric_impassable,
          general_overflow_altar, nicolae_dithmenos_through_a_glass_darkly,
          trog_three_pillars_becter, minmay_temple_entry_enclosed_plants,
          lemuel_flamethrower_1
D:6:      layout_basic, mainiacjoe_overflow_catwalk,
          hangedman_decor_diamond_cutter

Skill      XL: |  1  2  3  4  5  6  7  8 |
---------------+-------------------------+-----
Invocations    | 1 2 3 |  3.4
Short Blades   | 1 2 3 |  3.1
Long Blades    | 1 2 3 |  3.1
Maces & Flails | 1 2 3 |  3.1
Polearms       | 1 2 3 |  3.1
Staves         | 1 2 3 |  3.1
Ranged Weapons | 1 2 3 |  3.1
Throwing       | 1 2 3 |  3.1
Stealth        | 1 2 3 |  3.1
Shields        | 1 2 3 |  3.1
Unarmed Combat | 1 2 3 |  3.1
Spellcasting   | 1 2 3 |  3.1
Evocations     | 1 2 3 |  3.1
Conjurations   | 1 2 |  2.5
Hexes          | 1 2 |  2.5
Summonings     | 1 2 |  2.5
Necromancy     | 1 2 |  2.5
Translocations | 1 2 |  2.5
Transmutations | 1 2 |  2.5
Fire Magic     | 1 2 |  2.5
Ice Magic      | 1 2 |  2.5
Air Magic      | 1 2 |  2.5
Earth Magic    | 1 2 |  2.5
Poison Magic   | 1 2 |  2.5
Shapeshifting  | 1 2 |  2.8
Armour         | 5 |  5.6
Dodging        | 5 |  5.6
Fighting       | 7 |  7.3
Axes           | 7 |  7.3

Action                     |  1- 3 |  4- 6 |  7- 9 || total
---------------------------+-------+-------+-------++-------
  Melee: Hand axe          |   103 |    92 |    97 ||   292
         Bite              |    13 |    10 |    13 ||    36
         Punch             |       |       |     2 ||     2
 Invoke: Berserk           |       |     5 |     4 ||     9
         Trog's Hand       |       |     1 |       ||     1
   Stab: Sleeping          |     1 |       |       ||     1
 Armour: Animal skin       |    15 |       |       ||    15
         Ring mail         |    21 |     8 |       ||    29
         Scale mail        |       |    52 |    77 ||   129
  Dodge: Dodged            |    51 |    46 |    44 ||   141

Table legend: (Time is in decaauts)
 A = Elapsed time spent in this place.
 B = Non-inter-level travel time spent in this place.
 C = Inter-level travel time spent in this place.
 D = Time resting spent in this place.
 E = Time spent auto-exploring this place.
 F = Levels seen in this place.
 G = Mean time per level.
                   A        B        C        D        E       F      G
               +--------+--------+--------+--------+--------+-----+--------+
         Total |   4266 |   4097 |    169 |    492 |   2993 |   6 |  711.0 |
       Dungeon |   4266 |   4097 |    169 |    492 |   2993 |   6 |  711.0 |
               +--------+--------+--------+--------+--------+-----+--------+

Top non-repeatable levels by time:
     D:4: 969 daAuts
     D:2: 882 daAuts
     D:5: 825 daAuts
     D:1: 634 daAuts
     D:3: 605 daAuts
     D:6: 349 daAuts
